 Dungeon Crawl Stone Soup version 0.22-a0-283-g1871b15 (webtiles) character file.

218 Amnesiac the Conjurer (level 5, 0/28 HPs)
             Began as a Tengu Air Elementalist on Mar 20, 2018.
             Was an Initiate of Sif Muna.
             Slain by a hound (4 damage)
             ... on level 3 of the Dungeon.
             The game lasted 00:05:32 (3507 turns).

Amnesiac the Conjurer (Tengu Air Elementalist)      Turns: 3507, Time: 00:05:32

Health: 0/28       AC:  0    Str:  8    XL:     5   Next: 95%
Magic:  3/11       EV: 15    Int: 17    God:    Sif Muna [......]
Gold:   134        SH:  0    Dex: 14    Spells: 3/11 levels left

rFire    . . .     SeeInvis .   m - +2 dagger (protect)
rCold    . . .     Gourm    .   (no shield)
rNeg     . . .     Faith    .   a - +0 robe
rPois    .         Spirit   .   (helmet restricted)
rElec    .         Reflect  .   (no cloak)
rCorr    +         Harm     .   (no gloves)
MR       .....                  (boots unavailable)
Stlth    ++........             (no amulet)
HPRegen  0.09/turn              g - -2 ring of protection (curse)
MPRegen  0.12/turn              e - ring of resist corrosion

@: flying quickly and evasively, quick
A: beak, talons 3, able to fly 1
a: Renounce Religion


You were on level 3 of the Dungeon.
You worshipped Sif Muna.
Sif Muna was noncommittal.
You were not hungry.

You visited 1 branch of the dungeon, and saw 4 of its levels.

You collected 134 gold pieces.

Inventory:

Hand Weapons
 m - a +2 dagger of protection (weapon)
Armour
 a - a +0 robe (worn)
Jewellery
 e - a ring of resist corrosion (right hand)
 g - a cursed -2 ring of protection (left hand)
Scrolls
 d - a scroll of teleportation {!r}
 i - a scroll of fear {!r}
 l - a scroll of identify {!r}
 n - a scroll of amnesia {!r}
Potions
 b - a potion of flight {!q}
 j - a potion of haste {!q}
 k - a potion of resistance {!q}
Comestibles
 c - 4 rations


   Skills:
 - Level 2.1 Dodging
 - Level 2.0 Stealth
 + Level 3.7 Spellcasting
 - Level 5.0 Conjurations
 - Level 5.0 Air Magic


You had 3 spell levels left.
You knew the following spells:

 Your Spells              Type           Power        Failure   Level  Hunger
a - Shock                 Conj/Air       ###.         1%          1    None
b - Static Discharge      Conj/Air       ###.....     6%          3    ###....
d - Airstrike             Air            ###.......   21%         4    ####...


Dungeon Overview and Level Annotations

Branches:
Dungeon (4/15)
 Temple: D:4-7

Altars:
Gozag
Hepliaklqana
Qazlal
Sif Muna
Uskayaw
The Shining One

Annotations:
D:4 Amnesiac's ghost, amateur TeAE


Innate Abilities, Weirdness & Mutations

You have a beak for a mouth.
You have claws for feet.
You can fly.


Message History

There is a stone staircase leading down here.
You climb downwards.
An ogre comes into view. It is wielding a giant spiked club.
Found a stone staircase leading up.
There is a stone staircase leading up here.
Wear which item? (? for menu, Esc to quit)
Okay, then.
Put on which piece of jewellery? (? for menu, Esc to quit)
Okay, then.
You swoop lightly up into the air.
You feel very comfortable in the air.
You feel somewhat more hungry.
Casting: Shock (safe; 1% risk of failure)
Confirm with . or Enter, or press ? or * to list all spells.
Aiming: Airstrike (slightly dangerous; 21% risk of failure)
Press: ? - help, Dir - move target cursor, f - ogre
Aim: an ogre, wielding a giant spiked club (resting)
The air twists around and strikes the ogre!
The ogre shouts!
The ogre is moderately wounded.
A hound comes into view.
Casting: Airstrike (slightly dangerous; 21% risk of failure)
Confirm with . or Enter, or press ? or * to list all spells.
Aiming: Airstrike (slightly dangerous; 21% risk of failure)
Press: ? - help, Dir - move target cursor, f/p - ogre
Aim: an ogre, wielding a giant spiked club (moderately wounded)
The air twists around and strikes the ogre!
The ogre is severely wounded.
Found a potion of curing.
The hound completely misses you. The hound bites you.
Amnesiac's ghost (amateur Tengu Air Elementalist) comes into view.
The hound bites you.
Amnesiac's ghost turns its malevolent gaze towards you.
Amnesiac's ghost screams, "They lied to you.
The Dungeon just goes down and down forever."
The hound bites you. Amnesiac's ghost hits you. The hound misses you.
Found 20 arrows.
There is a stone staircase leading up here.
The hound bites you.
* * * LOW HITPOINT WARNING * * *
Amnesiac's ghost gestures at you while chanting.
The zap hits you!
* * * LOW HITPOINT WARNING * * *
You fly upwards.
There is a stone staircase leading down here.
Okay, then.
The hound closely misses you. The hound bites you.
* * * LOW HITPOINT WARNING * * *
You see here 4 stones.
The hound barely misses you.
Press: ? - help, v - describe, . - travel
Here: a hound The floor.
The hound misses you.
Okay, then.
The hound bites you.
* * * LOW HITPOINT WARNING * * *
Okay, then.
The hound completely misses you.
There is a shaft here.
The hound bites you.
You die...

###.######...#...#
#.###.# #...
........(..<.#.### #.#
#.# 8?. ##########.....#
#.# #.# ##8 #..#.## #.#
#.# ### ##########..#.#
#.# #.# #.
<...........#.#######.#
#.# #.
##########.##.........#
#.# ###
#.##########.###)#####..
#......@h............(..
######################..
### # #


You could see a hound.

Vanquished Creatures
  An orc priest (D:3)
  An orc wizard (D:3)
  4 gnolls (D:3)
  2 adders (D:2)
  An adder skeleton (D:3)
  3 worms
  3 dart slugs
  2 leopard geckos
  6 orcs (D:3)
  A giant cockroach (D:3)
  16 goblins
  14 hobgoblins
  3 quokkas (D:3)
  7 bats
  2 frilled lizards (D:3)
  6 kobolds
  6 rats
78 creatures vanquished.

Notes
Turn   | Place    | Note
-------+----------+-------------------------------------------
     0 | D:1      | Amnesiac the Tengu Air Elementalist began the quest for the Orb.
     0 | D:1      | Reached XP level 1. HP: 10/10 MP: 4/4
   128 | D:1      | Reached XP level 2. HP: 15/15 MP: 0/6
   498 | D:1      | Reached XP level 3. HP: 19/19 MP: 2/7
   762 | D:1      | Found a glowing golden altar of the Shining One.
  1043 | D:2      | Found a faded altar of an unknown god.
  1413 | D:2      | Reached skill level 5 in Conjurations
  1413 | D:2      | Reached XP level 4. HP: 24/24 MP: 2/8
  1419 | D:2      | Learned a level 4 spell: Airstrike
  1924 | D:2      | Found a deep blue altar of Sif Muna.
  2067 | D:2      | Became a worshipper of Sif Muna the Loreminder
  2154 | D:3      | Learned a level 3 spell: Static Discharge
  2183 | D:3      | Gained mutation: You can fly. [Tengu growth]
  2183 | D:3      | Reached XP level 5. HP: 16/28 MP: 2/10
  2228 | D:3      | Found an opulent altar of Gozag.
  2229 | D:3      | Found a hide-covered altar of Uskayaw.
  2257 | D:3      | Learned a level 1 spell: Shock
  2473 | D:3      | Reached skill level 5 in Air Magic
  3250 | D:3      | Found a stormy altar of Qazlal.
  3252 | D:3      | Found a hazy altar of Hepliaklqana.
  3475 | D:4      | Noticed an ogre
  3482 | D:4      | Noticed Amnesiac's ghost (amateur TeAE)
  3507 | D:3      | Slain by a hound

Vault maps used:
D:1:      scummos_arrival_star, minivault_26, tso_altar
D:2:      chequers_ecumenical_altar_simple, serial_bayou_pond_d,
          kennysheep_crisscross, grunt_decor_arrowhead, lemuel_blue_sif_altar
D:3:      nicolae_overflow_hidden_temple, dk_noncrumbling_2
D:4:      lemuel_crystal_altar, lemuel_doored_altar, uniq_sigmund

Skill      XL: |  1  2  3  4  5 |
---------------+----------------+-----
Conjurations   | 2 3 5 |  5.0
Air Magic      | 5 |  5.0
Spellcasting   | 3 |  3.7
Dodging        | |  2.1
Stealth        | |  2.0

Action                   |  1- 3 |  4- 6 || total
-------------------------+-------+-------++-------
Melee: Unarmed           |     2 |     4 ||     6
       Peck              |     1 |     2 ||     3
       Dagger            |       |     5 ||     5
       Kick              |       |     2 ||     2
 Cast: Shock             |    74 |    94 ||   168
       Airstrike         |       |     2 ||     2
       Static Discharge  |       |     2 ||     2
 Abil: Fly               |       |     1 ||     1
  Use: Scroll            |     2 |     4 ||     6
       Potion            |       |     3 ||     3
  Eat: Chunk             |     3 |     7 ||    10
Dodge: Dodged            |     5 |    16 ||    21

Table legend:
 A = Spawn XP
 B = Non-spawn XP
 C = Spawn XP percentage of total XP
 D = Spawn monster count
 E = Non-spawn monster count
 F = Spawn count percentage of total count
 G = Total turns spent on level
                    A         B        C        D         E        F      G
               +---------+---------+-------+---------+---------+-------+---------
         Total |       0 |     312 |   0.0 |       0 |      78 |   0.0 |  3507
               +---------+---------+-------+---------+---------+-------+---------
           D:1 |       0 |      49 |   0.0 |       0 |      26 |   0.0 |  1043
           D:2 |       0 |      65 |   0.0 |       0 |      21 |   0.0 |  1073
           D:3 |       0 |     198 |   0.0 |       0 |      31 |   0.0 |  1377
               +---------+---------+-------+---------+---------+-------+---------
